 Dungeon Crawl Stone Soup version 0.30.1-9-gdf580d7c3d (webtiles) character file.

Game seed: 9472495185713449276

7 Janerl the Magician (level 2, 0/20 HPs)
             Began as a Meteoran Hedge Wizard on Oct 20, 2023.
             Slain by a ball python (3 damage)
             ... on level 1 of the Dungeon.
             The game lasted 00:01:47 (85 turns).

Janerl the Magician (Meteoran Hedge Wizard)           Turns: 85, Time: 00:01:47

Health: 0/20       AC:  2    Str: 11    XL:     2   Next: 23%
Magic:  0/8        EV:  9    Int: 15    God:
Gold:   5          SH:  0    Dex: 13    Spells: 8/9 levels left

rFire   . . .        a - +0 dagger
rCold   . . .        (no shield)
rNeg    . . .        b - +0 robe
rPois   .            c - +0 hat
rElec   .            (no cloak)
rCorr   .            (no gloves)
SInv    .            (no boots)
Will    .....        (no amulet)
Stlth   +            (no ring)
HPRegen 0.23/turn    (no ring)
MPRegen 0.11/turn

%: no passive effects
@: glowing, constricted
A: sense surroundings 1, otherworldly, glowing, explore regen
a: no special abilities


You were on level 1 of the Dungeon.
You visited 1 branch of the dungeon, and saw 1 of its levels.

You collected 5 gold pieces.

Inventory:

Hand Weapons
 a - a +0 dagger (weapon)
Armour
 b - a +0 robe (worn)
 c - a +0 hat (worn)
Potions
 d - a potion of magic
 e - a potion of curing {unknown}


   Skills:
 + Level 2.8 Dodging
 + Level 1.7 Stealth
 + Level 4.1 Spellcasting
 + Level 1.2 Conjurations
 + Level 1.2 Summonings
 + Level 1.2 Translocations


You had 8 spell levels left.
You knew the following spells:

 Your Spells              Type           Power      Damage    Failure   Level
a - Magic Dart            Conj           24%        1d4       11%         1

Your spell library contained the following spells:

 Spells                   Type           Power      Damage    Failure   Level
 Blink                    Tloc           12%        N/A       16%         2
 Call Imp                 Summ           12%        N/A       16%         2
 Slow                     Hex            12%        N/A       19%         1
 Cigotuvi's Dreadful Rot  Necr/Pois/Air  6%         N/A       26%         2
 Mephitic Cloud           Conj/Pois/Air  4%         N/A       41%         3


Dungeon Overview and Level Annotations

Branches:
Dungeon (1/15) Zot: 514

Altars:

Shops:
D:1 *


Innate Abilities, Weirdness & Mutations

You passively map a small area around you.
You are easily found by Zot.
You glow in the dark.
You regain HP and MP as you explore.


Message History

You hit the hobgoblin but do no damage.
The hobgoblin is severely wounded.
The hobgoblin hits you.
* * * LOW HITPOINT WARNING * * *
You hit the hobgoblin but do no damage.
The hobgoblin is severely wounded.
The hobgoblin hits you.
* * * LOW HITPOINT WARNING * * *
Casting: Magic Dart (safe; 11% risk of failure)
Confirm with . or Enter, or press ? or * to list all spells.
Aiming: Magic Dart (safe; 11% risk of failure)
Press: ? - help, Shift-Dir - straight line, f/p - hobgoblin
Aim: a hobgoblin (severely wounded, 100% to hit)
The magic dart hits the hobgoblin.
You kill the hobgoblin!
Casting: Magic Dart (safe; 11% risk of failure)
Confirm with . or Enter, or press ? or * to list all spells.
You don't have enough magic to cast this spell.
Unknown command.
You hit the ball python.
The ball python is severely wounded.
The ball python completely misses you. The ball python grabs you.
The ball python constricts you. The ball python barely misses you.
The ball python constricts you.
* * * LOW HITPOINT WARNING * * *
Casting: Magic Dart (safe; 11% risk of failure)
Confirm with . or Enter, or press ? or * to list all spells.
You don't have enough magic to cast this spell.
You hit the ball python but do no damage.
The ball python is severely wounded.
The ball python barely misses you. The ball python constricts you.
You closely miss the ball python.
The ball python is severely wounded.
The ball python bites you.
* * * LOW HITPOINT WARNING * * *
The ball python constricts you.
You barely miss the ball python.
The ball python is severely wounded.
The ball python bites you.
You die...

######.+∩'..###### ,*
#.+'+#.##...# * * ,
.#######..#.##...#
............##...# *
.......#.####....# *
.#.#....†......### ,
,#.##....###.#*#####.(,
* ...*##...#
#.##....... , #.#*
#.### #.@S....... #.
#.# * ####...##.. # #†.
,, .#.#* *#.. , , .. ..
, , , ,.. , , ... ...,
, , ,,#...,.. * , ,....
. * #####* ** , , , , ,


You could see a ball python.

Vanquished Creatures
  A bat (D:1)
  2 hobgoblins (D:1)
  A kobold (D:1)
  2 ball pythons (D:1)
6 creatures vanquished.

Notes
Turn   | Place    | Note
-------+----------+-------------------------------------------
     0 | D:1      | Janerl the Meteoran Hedge Wizard began the quest for the
                  | Orb.
     0 | D:1      | Reached XP level 1. HP: 14/14 MP: 6/6
    18 | D:1      | Found Ufeguem's General Store.
    69 | D:1      | Reached XP level 2. HP: 15/20 MP: 1/8
    85 | D:1      | Slain by a ball python

Illustrated notes

Levels and vault maps discovered:
D:1:      dpeg_arrival_ratfight, layout_basic, serial_shops,
          nicolae_shop_tiny_real_fake_doors, minmay_curled_crystal

Action                     || total
---------------------------++-------
  Melee: Dagger            ||    22
   Cast: Magic Dart        ||    11
 Armour: Robe              ||     4
  Dodge: Dodged            ||    16
